 Dungeon Crawl Stone Soup version 0.30-a0-613-gdd512c7efb (webtiles) character file.

Game seed: 12530565120349962260

156 bande the Covered (level 5, -2/33 HPs)
             Began as a Gargoyle Fighter on Jan 9, 2023.
             Slain by Sigmund
             ... wielding a +3 scythe of venom
              (12 damage)
             ... on level 3 of the Dungeon.
             The game lasted 00:03:15 (2153 turns).

bande the Covered (Gargoyle Fighter)                Turns: 2153, Time: 00:03:15

Health: -2/33      AC: 12    Str: 20    XL:     5   Next: 37%
Magic:  5/5        EV:  6    Int:  8    God:
Gold:   126        SH:  4    Dex: 11    Spells: 4/4 levels left

rFire   . . .      SeeInvis .    a - +0 war axe
rCold   . . .      Faith    .    c - +0 buckler
rNeg    + . .      Spirit   .    b - +0 scale mail
rPois   ∞          Reflect  .    (no helmet)
rElec   +          Harm     .    (no cloak)
rCorr   .          Rampage  .    t - +0 pair of gloves
Will    .....                    (no boots) Stlth
                                 r - amulet of regeneration
HPRegen 1.05/turn                u - ring of flight
MPRegen 0.09/turn                (no ring)

@: mighty, grasped by roots, flying, constricted
A: sickness immunity, AC +4, negative energy resistance 1, electricity
resistance, torment resistance 1, petrification resistance
a: no special abilities


You were on level 3 of the Dungeon.
You visited 1 branch of the dungeon, and saw 3 of its levels.

You collected 126 gold pieces.

Inventory:

Hand Weapons
 a - a +0 war axe (weapon)
Armour
 b - a +0 scale mail (worn)
 c - a +0 buckler (worn)
 t - a +0 pair of gloves (worn)
Jewellery
 r - an amulet of regeneration (around neck)
 u - a ring of flight (left hand)
Wands
 w - a wand of flame (4)
Scrolls
 e - a scroll of amnesia {unknown}
 f - a scroll of torment {unknown}
 k - a scroll of blinking {unknown}
 l - 2 scrolls of enchant armour {unknown}
 m - 2 scrolls of identify {unknown}
 n - 2 scrolls of brand weapon {unknown}
 p - a scroll of noise {unknown}
 q - a scroll of poison {unknown}
Potions
 g - a potion of flight {unknown}
 h - a potion of lignification {unknown}
 i - a potion of ambrosia {unknown}
 j - a potion of resistance {unknown}
 o - a potion of mutation {unknown}
 s - 3 potions of brilliance {unknown}
 v - a potion of haste {unknown}


   Skills:
 + Level 3.9 Fighting
 + Level 3.3 Axes
 + Level 4.4 Armour
 + Level 3.8 Shields
 * Level 0.7 Evocations


You had 4 spell levels left.
You didn't know any spells.
Your spell library was empty.

Dungeon Overview and Level Annotations

Branches:
Dungeon (3/15)

Altars:

Shops:
D:2 [

Annotations:
D:3 Sigmund


Innate Abilities, Weirdness & Mutations

You are immune to sickness and miasma.
Your stone body is resilient. (AC +4)
You are immune to poison.
You resist negative energy. (rN+)
You are resistant to electric shocks. (rElec)
You are resistant to unholy torment.
You are immune to petrification.


Message History

You barely miss something. Something hits you but does no damage.
You hit something but do no damage.
You hear a zap.
The roots erupt in riotous growth!
The grasping roots grab you!
You are constricted.
You miss something. Something hits you.
You are constricted.
The grasping roots release their grip on you.
You closely miss something. Something hits you but does no damage.
You closely miss something. You block something's attack.
You barely miss something. Something hits you but does no damage.
You hit something.
You hear some strange, mumbled words.
A puff of flame appears from out of thin air!
The puff of flame misses you.
You closely miss something. Something hits you.
You miss something.
You hear a zap.
The roots erupt in riotous growth!
The grasping roots grab you!
You are constricted.
You barely miss something. You block something's attack.
You are constricted.
You barely miss something. Something hits you.
You are constricted.
The grasping roots release their grip on you.
You closely miss something. Something hits you but does no damage.
You feel very mighty all of a sudden. Something hits you.
* * * LOW HITPOINT WARNING * * *
You barely miss something.
You hear a zap.
The roots erupt in riotous growth!
The grasping roots grab you!
You are constricted.
* * * LOW HITPOINT WARNING * * *
You miss something.
You hear some strange, mumbled words.
Something tries to affect you, but you resist.
You are constricted.
You miss something. Something hits you!
You die... w

#≈≈≈~~≈≈≈≈#~.##
..≈w≈#≈≈~~~≈≈≈~..#
#..~≈~#≈≈#~~≈≈#.##
#....≈≈~~~~#.##.##
#.#.##~~.~~##..... .w..
....#####.### #g# ##.........#
#{# #######..# #@# #..#
#.###########..# ####### #####
#..............# ......#
#...###..###....†...## ......#
#.#.#.#... #.########### ......#
#.#.#.#..#.#...........#
......####.#.#.##.#.#...........#
...........#.#.#... #...........#
.........###.#.######...........#


You could see a dart slug and a goblin.

Vanquished Creatures
  A scorpion (D:3)
  An iguana (D:3)
  An adder (D:2)
  7 dart slugs
  2 ball pythons (D:2)
  7 endoplasms
  A giant cockroach (D:3)
  4 goblins (D:1)
  12 hobgoblins
  3 kobolds
  2 quokkas (D:3)
  A bat (D:1)
  2 frilled lizards
  5 rats
49 creatures vanquished.

Notes
Turn   | Place    | Note
-------+----------+-------------------------------------------
     0 | D:1      | bande the Gargoyle Fighter began the quest for the Orb.
     0 | D:1      | Reached XP level 1. HP: 14/14 MP: 1/1
    23 | D:1      | Found a faded altar of an unknown god.
    65 | D:1      | Reached XP level 2. HP: 19/19 MP: 2/2
   284 | D:1      | Reached XP level 3. HP: 20/23 MP: 3/3
   917 | D:2      | Found Beograri's Armour Shop.
  1476 | D:3      | Reached skill level 4 in Armour
  1502 | D:3      | Reached XP level 4. HP: 29/29 MP: 4/4
  1929 | D:3      | Noticed a scorpion
  1938 | D:3      | Killed a scorpion
  1939 | D:3      | Reached XP level 5. HP: 33/33 MP: 5/5
  2119 | D:3      | Noticed Sigmund
  2153 | D:3      | Slain by Sigmund

Illustrated notes

Levels and vault maps discovered:
D:1:      spicycebolla_green_bress_n_ham, layout_basic,
          ebering_ecumenical_altar_petrified, minmay_pentomino_r2
D:2:      layout_loops_ring, serial_shops, shop
D:3:      kennysheep_slugbush, layout_basic, uniq_sigmund

Skill      XL: |  1  2  3  4 |
---------------+-------------+-----
Axes           | 2 3 |  3.3
Armour         | 4 |  4.4
Fighting       | |  3.9
Shields        | |  3.8
Evocations     | |  0.7

Action                   |  1- 3 |  4- 6 || total
-------------------------+-------+-------++-------
Melee: War axe           |   106 |    72 ||   178
  Use: Potion            |       |     1 ||     1
Armor: Scale mail        |    60 |    26 ||    86
Dodge: Dodged            |    47 |    23 ||    70
Block: Buckler           |    25 |    18 ||    43

Table legend: (Time is in decaauts)
 A = Elapsed time spent in this place.
 B = Non-inter-level travel time spent in this place.
 C = Inter-level travel time spent in this place.
 D = Time resting spent in this place.
 E = Time spent auto-exploring this place.
 F = Levels seen in this place.
 G = Mean time per level.
                   A        B        C        D        E       F      G
               +--------+--------+--------+--------+--------+-----+--------+
         Total |   2235 |   2166 |     69 |     43 |   1613 |   3 |  745.0 |
       Dungeon |   2235 |   2166 |     69 |     43 |   1613 |   3 |  745.0 |
               +--------+--------+--------+--------+--------+-----+--------+

Top non-repeatable levels by time:
     D:1: 766 daAuts
     D:2: 745 daAuts
     D:3: 724 daAuts
